 Dungeon Crawl Stone Soup version 0.19.0-2-gae57169 (console) character file.

16644 Gottschkopf the Nimble (level 12, -3/72 HPs)
             Began as a Deep Elf Conjurer on Nov 4, 2016.
             Was the Champion of Ru.
             Slain by a crocodile (5 damage)
             ... on level 1 of the Lair of Beasts.
             The game lasted 01:00:03 (16811 turns).

Gottschkopf the Nimble (Deep Elf Conjurer)         Turns: 16811, Time: 01:00:04

Health: -3/72      AC:  7    Str:  5    XL:     12   Next: 11%
Magic:  18/30      EV: 21    Int: 32    God:    Ru [******]
Gold:   26         SH:  0    Dex: 15    Spells: 8 memorised, 6 levels left

rFire  . . .     SeeInvis .     j - +7 short sword
rCold  . . .     Gourm    .     a - +0 robe
rNeg   . . .     Faith    .     (shield unavailable)
rPois  .         Spirit   .     y - +0 helmet
rElec  .         Reflect  .     T - +0 cloak
rCorr  .         Harm     .     (no gloves)
MR     +....                    x - +0 pair of boots
Stlth  ..........               w - amulet of rage
                                u - +4 ring of intelligence
                                (ring unavailable)

@: no potions
A: talons 1, thin metallic scales 1, clever 1, screaming 1, inability to drink
while threatened, missing a hand, no stealth, inability to train armour,
MP-powered wands
a: Draw Out Power, Power Leap, Apocalypse, Renounce Religion, Evoke Berserk Rage


You were on level 1 of the Lair of Beasts.
You worshipped Ru.
Ru was exalted by your worship.
You were not hungry.

You visited 4 branches of the dungeon, and saw 14 of its levels.

You collected 1350 gold pieces.
You spent 1324 gold pieces at shops.

Inventory:

Hand Weapons
 i - a +0 dagger of freezing
 j - a +7 short sword (weapon)
Armour
 a - a +0 robe (worn)
 x - a +0 pair of boots (worn)
 y - a +0 helmet (worn)
 T - a +0 cloak (worn)
Jewellery
 d - an uncursed ring of protection from fire {unknown}
 h - an uncursed ring of wizardry
 u - a +4 ring of intelligence (right hand)
 v - an uncursed ring of ice
 w - an amulet of rage (around neck)
 z - a +4 ring of intelligence
Wands
 E - a wand of flame (25/48)
 N - a wand of digging (15/24)
Scrolls
 g - a scroll of remove curse
 o - 2 scrolls of noise
 p - 2 scrolls of recharging
 q - 5 scrolls of amnesia
 s - 2 scrolls of teleportation
 U - 2 scrolls of magic mapping
Potions
 e - 6 potions of curing
 f - 2 potions of lignification
 k - 4 potions of brilliance
 m - 2 potions of haste
 n - 5 potions of invisibility
 t - a potion of might
 C - 4 potions of agility
Books
 b - a book of Conjurations

   Spells                             Type                      Level
   a - Magic Dart                     Conjuration                  1
   b - Searing Ray                    Conjuration                  2
   c - Dazzling Spray                 Conjuration/Hexes            3
   d - Fulminant Prism                Conjuration/Hexes            4
   e - Iskenderun's Mystic Blast      Conjuration                  4
   f - Iskenderun's Battlesphere      Conjuration/Charms           5
 A - a book of Annihilations

   Spells                             Type                      Level
   a - Poison Arrow                   Conjuration/Poison           6
   b - Chain Lightning                Conjuration/Air              8
   c - Lehudib's Crystal Spear        Conjuration/Earth            8
   d - Glaciate                       Conjuration/Ice              9
   e - Fire Storm                     Conjuration/Fire             9
 F - a book of Debilitation

   Spells                             Type                      Level
   a - Corona                         Hexes                        1
   b - Slow                           Hexes                        2
   c - Gell's Gravitas                Hexes/Translocation          3
   d - Inner Flame                    Hexes/Fire                   3
   e - Cause Fear                     Hexes                        4
   f - Leda's Liquefaction            Hexes/Earth                  4
 M - a book of Cantrips

   Spells                             Type                      Level
   a - Confusing Touch                Hexes                        1
   b - Animate Skeleton               Necromancy                   1
   c - Summon Small Mammal            Summoning                    1
   d - Apportation                    Translocation                1
Comestibles
 c - 10 bread rations
 l - a royal jelly
 r - 4 meat rations
 B - 3 slices of pizza
 J - 6 beef jerkies
 K - 7 fruits


   Skills:
 - Level 7.0 Fighting
 - Level 12.8 Dodging
 - Level 12.5 Spellcasting
 - Level 12.0 Conjurations
 - Level 3.7 Charms
 + Level 2.1 Fire Magic


You had 6 spell levels left.
You knew the following spells:

 Your Spells              Type           Power        Failure   Level  Hunger
a - Magic Dart            Conj           ####         0%          1    None
b - Searing Ray           Conj           ######       1%          2    None
c - Iskenderun's Mystic   Conj           #######.     1%          4    None
d - Fulminant Prism       Conj/Hex       ######....   1%          4    None
e - Iskenderun's Battles  Conj/Chrm      ######..     3%          5    None
f - Dazzling Spray        Conj/Hex       ######       1%          3    None
g - Slow                  Hex            ###.....     3%          2    None
h - Fire Storm            Conj/Fire      ######....   100%        9    #######


Dungeon Overview and Level Annotations

Branches:
Dungeon (11/15)            Temple (1/1) D:4            Lair (1/6) D:11
    Orc (1/2) D:11

Altars:
Ashenzari
Cheibriados
Dithmenos
Elyvilon
Fedhas
Gozag
Hepliaklqana
Kikubaaqudgha
Makhleb
Nemelex Xobeh
Okawaru
Qazlal
Ru
Sif Muna
Trog
Uskayaw
Vehumet
Xom
Yredelemnul
Zin
The Shining One

Shops:
D:5 :   D:7 [


Innate Abilities, Weirdness & Mutations

You occasionally shout uncontrollably at your foes.
You cannot drink potions while threatened.
You are missing a hand.
You cannot be stealthy.
You cannot train Armour skill.
You have sharp toenails.
You are partially covered in thin metallic scales. (AC +2)
Your mind is acute. (Int +2)
You expend magic power (3 MP) to strengthen your wands.


Message History

Press: ? - help, Shift-Dir - straight line, f/p - five-headed hydra
Aim: a five-headed hydra (moderately wounded)
The orb of energy hits the five-headed hydra.
The five-headed hydra is severely wounded.
The orb of energy explodes!
The crocodile misses you. The five-headed hydra misses you.
The five-headed hydra bites you!
* * * LOW HITPOINT WARNING * * *
The five-headed hydra barely misses you.
The five-headed hydra bites you but does no damage.
The five-headed hydra barely misses you.
A water moccasin comes into view.
Casting: Iskenderun's Mystic Blast
Confirm with . or Enter, or press ? or * to list all spells.
Aiming: Iskenderun's Mystic Blast
Press: ? - help, Shift-Dir - straight line, f/p - five-headed hydra
Aim: a five-headed hydra (severely wounded)
The orb of energy hits the five-headed hydra.
The five-headed hydra is almost dead.
The orb of energy explodes!
The crocodile bites you.
You die...

###.....##
#.#......#
.......S.##
#.........#
..........##
...........#
.......D...#
......†@...#
......t.Y...#
............#
............#
.............#
............##
..........###
.........##


You could see a five-headed hydra, a yak (paralysed), a water moccasin and a
crocodile.

Vanquished Creatures
  Fannar (Orc:1)
  Josephine (D:11)
  Harold (D:10)
  2 hill giants
  An ugly thing (D:10)
  3 kobold demonologists (D:11)
  A two-headed ogre (D:11)
  Prince Ribbit (D:7)
  4 hippogriffs
  4 wyverns
  7 wraiths
  9 yaks
  A steam dragon (D:10)
  2 hungry ghosts (D:8)
  2 wargs (Orc:1)
  4 water moccasins
  9 orc warriors
  3 ice beasts
  2 sky beasts
  5 phantoms
  4 necrophages
  2 centaurs
  7 ogres
  2 crocodiles
  2 big kobolds (D:11)
  9 bullfrogs
  A water moccasin zombie (D:5)
  4 scorpions
  13 wights
  7 howler monkeys
  The ghost of jehirs the Chopper, a weakling DsGl of Ashenzari (D:4)
  5 electric eels (D:7)
  3 crimson imps
  2 bullfrog zombies
  6 jellies (D:5)
  2 quasits
  A centaur zombie (D:11)
  3 bullfrog skeletons
  7 orc priests
  4 centaur skeletons
  A gnoll shaman (D:5)
  5 hounds
  15 orc wizards
  2 human zombies (D:11)
  4 iguanas
  9 worker ants
  A hound zombie (D:7)
  3 mummies (D:11)
  2 hound skeletons
  A howler monkey zombie (D:7)
  A worker ant zombie (D:10)
  13 adders
  13 gnolls
  4 shadow imps
  3 worms
  A dart slug (D:1)
  8 leopard geckos
  50 orcs
  8 bats
  8 giant cockroaches
  9 goblins
  6 hobgoblins
  13 jackals
  8 quokkas
  5 ball pythons
  6 frilled lizards
  A goblin zombie (D:5)
  3 hobgoblin zombies (D:5)
  A jackal skeleton (D:5)
  7 kobolds
  A leopard gecko skeleton (D:6)
  A leopard gecko zombie (D:8)
  2 orc skeletons (D:5)
  2 orc zombies
  4 rats
369 creatures vanquished.

Vanquished Creatures (others)
  A yak (D:11)
  A crimson imp (D:7)
  14 fulminant prisms
  A plant (D:7)
17 creatures vanquished.

Grand Total: 386 creatures vanquished

Notes
Turn   | Place    | Note
-------+----------+-------------------------------------------
     0 | D:1      | Gottschkopf the Deep Elf Conjurer began the quest for the Orb.
     0 | D:1      | Reached XP level 1. HP: 10/10 MP: 6/6
   119 | D:1      | Reached XP level 2. HP: 15/15 MP: 0/8
   131 | D:1      | Learned a level 2 spell: Searing Ray
   469 | D:1      | Reached XP level 3. HP: 19/19 MP: 2/11
   757 | D:2      | Reached skill level 5 in Spellcasting
  1338 | D:3      | Reached XP level 4. HP: 24/24 MP: 7/13
  1344 | D:3      | Learned a level 4 spell: Iskenderun's Mystic Blast
  1349 | D:3      | Learned a level 4 spell: Fulminant Prism
  1926 | D:3      | Found a bloodstained altar of Trog.
  2227 | D:4      | Reached XP level 5. HP: 27/28 MP: 7/16
  2239 | D:4      | Learned a level 5 spell: Iskenderun's Battlesphere
  2349 | D:4      | Reached skill level 1 in Charms
  2398 | D:4      | Reached XP level 6. HP: 32/32 MP: 11/18
  2473 | D:4      | Found a staircase to the Ecumenical Temple.
  2489 | Temple   | Entered the Ecumenical Temple
  2670 | Temple   | Became a worshipper of Ru the Awakened
  2713 | D:4      | Found an iron altar of Okawaru.
  2724 | D:4      | Noticed jehirs's ghost (weakling DsGl)
  2951 | Temple   | Learned a level 3 spell: Dazzling Spray
  2960 | D:4      | Killed jehirs's ghost
  3313 | D:4      | Reached XP level 7. HP: 14/36 MP: 2/22
  3913 | D:4      | Reached skill level 10 in Spellcasting
  4321 | D:5      | Entered Level 5 of the Dungeon
  4333 | D:5      | Found Jirph's Book Shoppe.
  4428 | D:5      | Found a shimmering altar of Xom.
  4616 | D:5      | Found a glowing golden altar of the Shining One.
  4636 | D:5      | Gained mutation: You cannot train Armour skill. [Ru sacrifice]
  4636 | D:5      | Reached * piety under Ru
  4915 | D:5      | Reached skill level 5 in Dodging
  4928 | D:5      | Reached XP level 8. HP: 29/41 MP: 0/24
  6297 | D:6      | Learned a level 2 spell: Slow
  6404 | D:6      | Reached skill level 5 in Conjurations
  7484 | D:7      | Reached XP level 9. HP: 45/45 MP: 15/25
  7719 | D:7      | Found Xehycvoo's Antique Armour Emporium.
  8007 | D:7      | Found a glowing silver altar of Zin.
  8007 | D:7      | Found a shattered altar of Ashenzari.
  8274 | D:7      | Noticed Prince Ribbit
  8279 | D:7      | Killed Prince Ribbit
  8454 | D:7      | Gained mutation: You are missing a hand. [Ru sacrifice]
  8454 | D:7      | Reached ** piety under Ru
  8454 | D:7      | Reached *** piety under Ru
  8454 | D:7      | Reached **** piety under Ru
  9359 | D:8      | Reached skill level 10 in Conjurations
  9953 | D:8      | Reached XP level 10. HP: 50/50 MP: 21/26
 10632 | D:9      | Gained mutation: You cannot be stealthy. [Ru sacrifice]
 10739 | D:9      | Found a basalt altar of Yredelemnul.
 10969 | D:9      | Found a shadowy altar of Dithmenos.
 11054 | D:9      | Found a white marble altar of Elyvilon.
 11250 | D:10     | Entered Level 10 of the Dungeon
 11403 | D:10     | Noticed Harold
 11416 | D:10     | Killed Harold
 11549 | D:10     | Noticed a purple ugly thing
 11552 | D:10     | Killed a purple ugly thing
 11559 | D:10     | Gained mutation: You expend magic power (3 MP) to strengthen your wands. [mutagenic meat]
 11848 | D:10     | Reached skill level 10 in Dodging
 12257 | D:10     | Gained mutation: Your system is resistant to poisons. (rPois) [mutagenic meat]
 12258 | D:10     | Lost mutation: Your system is resistant to poisons. (rPois) [mutagenic meat]
 12259 | D:10     | Gained mutation: Your mind is acute. (Int +2) [mutagenic meat]
 12260 | D:10     | Gained mutation: You are partially covered in thin metallic scales. (AC +2) [mutagenic meat]
 12359 | D:11     | Noticed Josephine
 12472 | D:10     | Noticed a hill giant
 12475 | D:10     | Killed a hill giant
 12475 | D:10     | Reached XP level 11. HP: 50/54 MP: 11/29
 12651 | D:10     | Gained mutation: You have sharp toenails. [potion of beneficial mutation]
 12691 | D:11     | Killed Josephine
 12699 | D:11     | Noticed a hill giant
 12960 | D:11     | Killed a hill giant
 13151 | D:11     | Reached skill level 1 in Fighting
 13162 | D:11     | Gained mutation: You cannot drink potions while threatened. [Ru sacrifice]
 13162 | D:11     | Reached ***** piety under Ru
 13537 | D:11     | Found a staircase to the Lair.
 13945 | D:11     | Found a staircase to the Orcish Mines.
 14272 | D:11     | Reached skill level 5 in Fighting
 15058 | D:11     | Found a basalt altar of Yredelemnul.
 15174 | Orc:1    | Entered Level 1 of the Orcish Mines
 15197 | Orc:1    | Noticed Fannar
 15211 | Orc:1    | Killed Fannar
 15363 | Orc:1    | Reached XP level 12. HP: 71/71 MP: 23/30
 15635 | Orc:1    | Gained mutation: You occasionally shout uncontrollably at your foes. [Ru sacrifice]
 15635 | Orc:1    | Reached ****** piety under Ru
 16542 | D:5      | Bought a book of Annihilations for 1324 gold pieces
 16552 | D:5      | Learned a level 9 spell: Fire Storm
 16678 | Lair:1   | Entered Level 1 of the Lair of Beasts
 16682 | Lair:1   | Noticed a five-headed hydra
 16682 | Lair:1   | Reached skill level 1 in Fire Magic
 16810 | Lair:1   | HP: 2/72 [five-headed hydra (7)]
 16811 | Lair:1   | Slain by a crocodile

Skill      XL: |  1  2  3  4  5  6  7  8  9 10 11 12 |
---------------+-------------------------------------+-----
Spellcasting   | 4 5 7 9 10 12 | 12.5
Charms         | 3 |  3.7
Dodging        | 5 8 11 12 | 12.8
Conjurations   | 7 11 12 | 12.0
Stealth        | 0 |  0.0
Fighting       | 6 7 |  7.0
Fire Magic     | 2 |  2.1

Action                   |  1- 3 |  4- 6 |  7- 9 | 10-12 || total
-------------------------+-------+-------+-------+-------++-------
Melee: Dagger            |       |       |     1 |       ||     1
       Short sword       |       |       |       |     2 ||     2
 Cast: Magic Dart        |    76 |    96 |   322 |   310 ||   804
       Searing Ray       |     3 |     2 |    12 |     2 ||    19
       Iskenderun's Myst |       |     4 |    16 |    78 ||    98
       Iskenderun's Batt |       |     1 |    16 |    40 ||    57
       Fulminant Prism   |       |     1 |     3 |    10 ||    14
       Dazzling Spray    |       |       |       |     3 ||     3
Invok: Sacrifice Durabil |       |       |     1 |       ||     1
       Sacrifice a Hand  |       |       |     1 |       ||     1
       Sacrifice Stealth |       |       |       |     1 ||     1
       Sacrifice Drink   |       |       |       |     1 ||     1
       Sacrifice Purity  |       |       |       |     1 ||     1
  Use: Scroll            |       |       |       |    24 ||    24
       Potion            |       |       |       |     6 ||     6
  Eat: Chunk             |     1 |     4 |    15 |    28 ||    48
       Meat ration       |       |     1 |     1 |       ||     2
Armor: Robe              |     4 |     3 |    10 |    16 ||    33
Dodge: Dodged            |     1 |    15 |    50 |    90 ||   156
